Map: [ESL] NeoHumanity

Players

DnS - Winner!

  • Race: Protoss Protoss
  • Spawn Location: 11:00

PtitDrogo

  • Race: Protoss Protoss
  • Spawn Location: 5:00

Event: ESL SC2 Masters 2023 Summer (Regionals)

VOD

Have the link to the VOD?

Description

Time

  • Played on: May 13, 2023, 11:07 a.m.
  • Length: 14:02

All games in this series

Show
View Real Time Build Order
Export as new Build Order

DnS Protoss - Winner!

Build Orders: Blink Stalkers, Zealot Archon, Dark Templar Rush 

Get SALT Encoding   

  12  0:00  Probe  
  13  0:12  Probe  
  14  0:17  Pylon  
  14  0:24  Probe (Chrono Boost)  
  15  0:36  Probe (Chrono Boost)  
  15  0:37  Gateway  
  16  0:45  Probe (Chrono Boost)  
  16  0:46  Assimilator  
  17  0:50  Probe  
  17  0:53  Assimilator  
  18  1:03  Probe (Chrono Boost)  
  19  1:07  Gateway  
  19  1:12  Probe (Chrono Boost)  
  19  1:17  Probe (Chrono Boost)  
  20  1:24  Cybernetics Core  
  21  1:29  Probe  
  22  1:41  Probe  
  23  1:58  Pylon  
  23  2:03  Warp Gate  
  23  2:12  Pylon  
  23  2:16  Probe, Stalker, Sentry  
  28  2:26  Pylon  
  28  2:39  Stalker  
  30  2:46  Stalker  
  32  2:51  Nexus  
  32  2:54  Probe  
  33  3:06  Probe  
  33  3:08  Twilight Council  
  34  3:17  Sentry  
  36  3:20  Probe  
  36  3:22  Pylon  
  36  3:26  Shield Battery  
  37  3:33  Probe  
  38  3:39  Blink (Chrono Boost)  
  38  3:45  Probe (Chrono Boost)  
  39  3:54  Dark Shrine  
  39  3:55  Probe (Chrono Boost)  
  40  4:00  Probe (Chrono Boost)  
  41  4:03  Probe  
  42  4:14  Probe (Chrono Boost)  
  42  4:15  Probe (Chrono Boost)  
  42  4:16  Stalker  
  48  4:25  Probe (Chrono Boost)  
  48  4:27  Probe (Chrono Boost)  
  48  4:29  Stalker  
  48  4:30  Probe (Chrono Boost)  
  50  4:35  Probe  
  52  4:38  Pylon  
  52  4:40  Stalker  
  52  4:41  Probe  
  55  4:47  Probe  
  56  4:53  Probe  
  56  4:58  Nexus  
  57  5:06  Dark Templar  
  59  5:08  Dark Templar  
  59  5:11  Probe x2  
  59  5:13  Pylon  
  63  5:22  Robotics Facility  
  63  5:23  Assimilator  
  63  5:25  Probe x2 (Chrono Boost)  
  65  5:31  Forge  
  65  5:37  Probe x2 (Chrono Boost)  
  67  5:44  Probe x2 (Chrono Boost)  
  69  5:51  Probe, Stalker x2  
  69  5:52  Probe  
  69  5:55  Protoss Ground Weapons Level 1 (Chrono Boost)  
  75  6:01  Gateway x2  
  75  6:04  Probe x2  
  77  6:10  Probe, Observer  
  79  6:13  Archon  
  79  6:16  Probe x2  
  81  6:19  Stalker x2  
  81  6:22  Probe  
  81  6:24  Pylon  
  86  6:28  Probe x2  
  86  6:30  Shield Battery  
  88  6:34  Probe  
  88  6:36  Observer  
  90  6:40  Probe  
  90  6:41  Gateway  
  90  6:42  Gateway  
  90  6:44  Stalker x2  
  95  6:47  Probe x2, Assimilator  
  95  6:50  Charge (Chrono Boost)  
  95  6:52  Gateway  
  97  6:57  Stalker  
  97  6:58  Probe  
  97  7:01  Pylon  
  100  7:06  Gateway  
  100  7:15  Pylon  
  100  7:16  Nexus  
  100  7:19  Warp Prism  
  100  7:22  Stalker  
  104  7:23  Probe  
  104  7:24  Probe  
  104  7:25  Probe  
  107  7:33  Stalker x2  
  107  7:34  Protoss Ground Weapons Level 2 (Chrono Boost), Stalker  
  113  7:38  Probe x3  
  113  7:41  Pylon  
  116  7:46  Pylon  
  116  7:58  Photon Cannon  
  116  8:03  Stalker  
  116  8:04  Stalker x4  
  126  8:05  Stalker  
  126  8:09  Stalker  
  130  8:17  Probe x3  
  133  8:20  Pylon x2  
  133  8:21  Pylon  
  133  8:22  Photon Cannon  
  133  8:27  Photon Cannon  
  127  8:40  Probe  
  127  8:41  Observer, Stalker x6  
  132  8:46  Stalker x2  
  142  8:50  Probe  
  140  8:55  Probe x2  
  140  8:56  Probe  
  140  8:57  Assimilator  
  140  8:59  Gateway  
  140  9:02  Probe, Gateway  
  141  9:11  Stalker x6  
  141  9:14  Warp Prism  
  142  9:30  Stalker x2  
  144  9:33  Probe  
  144  9:34  Assimilator  
  144  9:35  Stalker x3  
  151  9:43  Stalker x3  
  151  9:45  Protoss Ground Weapons Level 3 (Chrono Boost)  
  157  9:48  Pylon  
  157  9:54  Probe  
  157  9:55  Probe x2  
  160  10:03  Pylon  
  160  10:04  Observer  
  160  10:05  Zealot x6  
  172  10:08  Pylon  
  172  10:09  Nexus  
  172  10:10  Pylon  
  164  10:15  Zealot x3  
  164  10:16  Zealot  
  164  10:20  Immortal  
  152  10:28  Stalker x4  
  152  10:32  Shield Battery  
  154  10:41  Stalker x5  
  155  10:48  Stalker  
  143  10:50  Photon Cannon  
  143  10:56  Warp Prism (Chrono Boost)  
  141  11:02  Probe x3  
  146  11:05  Stalker x5  
  146  11:06  Shadow Stride (Chrono Boost)  
  156  11:14  Stalker x3  
  156  11:16  Unknown  
  162  11:19  Probe  
  162  11:20  Probe x2  
  162  11:24  Photon Cannon  
  165  11:28  Dark Templar  
  167  11:33  Stalker x5  
  167  11:37  Pylon  
  177  11:44  Observer (Chrono Boost)  
  174  11:48  Stalker x4  
  174  11:53  Stalker x4  
  162  11:59  Stalker x5  
  158  12:13  Warp Prism  
  154  12:20  Gateway x2  
  154  12:21  Protoss Shields Level 1 (Chrono Boost)  
  150  12:25  Gateway, Stalker x10  
  170  12:32  Photon Cannon  
  170  12:34  Pylon  
  159  12:49  Stalker x8  
  159  12:50  Stalker  
  167  13:00  Observer (Chrono Boost)  
  150  13:09  Stalker  
  152  13:12  Stalker  
  152  13:13  Stalker x7  
  152  13:17  Observer  
  169  13:27  Nexus  
  157  13:37  Zealot x3  
  157  13:39  Stalker x7  
  175  13:44  Stalker x3  
  171  14:00  Stalker x3  
Show
View Real Time Build Order
Export as new Build Order

PtitDrogo Protoss 

Build Orders: Phoenix Opening, Blink Stalkers 

Get SALT Encoding   

  12  0:00  Probe  
  13  0:12  Probe  
  14  0:17  Pylon  
  14  0:24  Probe (Chrono Boost)  
  15  0:36  Probe (Chrono Boost), Gateway  
  16  0:44  Probe (Chrono Boost)  
  16  0:46  Assimilator  
  17  0:51  Probe  
  17  0:54  Assimilator  
  18  1:03  Probe (Chrono Boost)  
  19  1:09  Gateway  
  20  1:12  Probe (Chrono Boost)  
  20  1:17  Probe (Chrono Boost)  
  20  1:24  Cybernetics Core  
  21  1:29  Probe  
  22  1:34  Pylon  
  22  1:41  Probe  
  23  1:53  Probe  
  24  2:01  Stalker  
  28  2:03  Warp Gate  
  28  2:05  Probe  
  29  2:09  Sentry  
  29  2:12  Pylon  
  29  2:17  Probe  
  30  2:31  Pylon  
  30  2:33  Probe  
  31  2:45  Probe  
  31  2:46  Nexus  
  31  2:47  Phoenix  
  31  2:51  Shield Battery  
  32  2:54  Sentry  
  32  2:57  Sentry  
  32  2:58  Probe  
  37  3:09  Pylon  
  37  3:10  Probe  
  38  3:18  Twilight Council  
  38  3:22  Probe  
  40  3:34  Probe (Chrono Boost)  
  40  3:45  Probe (Chrono Boost)  
  40  3:48  Blink (Chrono Boost)  
  41  3:49  Probe (Chrono Boost)  
  41  3:51  Stalker x2  
  46  3:59  Probe (Chrono Boost)  
  48  4:06  Probe (Chrono Boost)  
  48  4:09  Probe (Chrono Boost)  
  49  4:13  Probe x2 (Chrono Boost)  
  49  4:16  Stalker x2  
  55  4:26  Nexus  
  55  4:28  Probe  
  55  4:29  Probe  
  57  4:34  Pylon  
  57  4:41  Robotics Facility  
  57  4:43  Probe  
  58  4:48  Probe  
  58  4:51  Assimilator  
  59  4:53  Stalker x2  
  59  4:55  Probe  
  64  5:00  Probe  
  64  5:01  Shield Battery  
  65  5:07  Probe  
  65  5:08  Phoenix  
  65  5:11  Forge  
  65  5:13  Probe  
  67  5:18  Stalker  
  67  5:19  Probe  
  70  5:26  Pylon  
  70  5:27  Pylon  
  70  5:34  Gateway  
  70  5:38  Probe (Chrono Boost), Observer  
  70  5:39  Probe (Chrono Boost)  
  71  5:43  Probe (Chrono Boost)  
  71  5:48  Probe x2 (Chrono Boost)  
  68  5:52  Probe (Chrono Boost), Stalker x2  
  68  5:53  Probe x2 (Chrono Boost)  
  74  5:59  Observer (Chrono Boost)  
  74  6:02  Probe, Protoss Ground Weapons Level 1 (Chrono Boost)  
  75  6:04  Probe  
  75  6:05  Probe  
  77  6:14  Probe  
  77  6:17  Probe (Chrono Boost)  
  77  6:18  Probe (Chrono Boost)  
  80  6:25  Charge  
  80  6:30  Probe (Chrono Boost)  
  80  6:32  Probe (Chrono Boost)  
  83  6:34  Probe (Chrono Boost), Shield Battery  
  83  6:37  Probe (Chrono Boost)  
  83  6:39  Probe (Chrono Boost)  
  85  6:41  Probe (Chrono Boost)  
  85  6:44  Probe, Stalker x3  
  93  6:50  Probe  
  93  6:51  Pylon  
  94  6:58  Nexus  
  94  7:02  Gateway  
  94  7:06  Gateway  
  94  7:12  Gateway  
  94  7:15  Gateway  
  94  7:17  Gateway  
  94  7:24  Stalker x3, Shield Battery  
  100  7:30  Probe x3  
  100  7:35  Photon Cannon  
  103  7:37  Forge  
  103  7:38  Pylon  
  103  7:42  Probe  
  103  7:43  Probe, Pylon  
  105  7:46  Protoss Ground Weapons Level 2 (Chrono Boost)  
  105  7:48  Stalker x2  
  109  8:01  Probe x3  
  109  8:02  Pylon  
  109  8:03  Protoss Ground Armor Level 1 (Chrono Boost), Stalker x3  
  118  8:12  Stalker x2  
  122  8:17  Stalker  
  122  8:18  Stalker  
  122  8:19  Stalker  
  126  8:26  Pylon  
  126  8:27  Zealot  
  126  8:28  Zealot  
  126  8:34  Observer (Chrono Boost)  
  126  8:36  Zealot  
  126  8:37  Zealot x2  
  132  8:42  Gateway x2  
  132  8:44  Gateway  
  132  8:45  Gateway  
  130  8:51  Stalker x3  
  130  8:54  Zealot  
  132  8:59  Stalker x2  
  132  9:01  Zealot x2  
  111  9:18  Zealot x4  
  105  9:24  Zealot x4  
  109  9:36  Stalker x2  
  113  9:41  Stalker x5  
  113  9:42  Zealot  
  124  9:46  Zealot x4  
  132  9:56  Protoss Ground Weapons Level 3 (Chrono Boost)  
  132  10:00  Pylon, Zealot x2  
  132  10:01  Pylon  
  132  10:03  Zealot  
  132  10:04  Zealot x5  
  140  10:15  Zealot x4  
  126  10:22  Zealot  
  126  10:23  Stalker  
  126  10:27  Zealot x5  
  130  10:38  Zealot x5  
  126  10:45  Zealot, Protoss Ground Armor Level 2 (Chrono Boost)  
  104  10:59  Zealot x4  
  112  11:05  Nexus, Stalker x3  
  112  11:06  Pylon  
  112  11:09  Stalker x2  
  122  11:15  Stalker  
  122  11:16  Zealot, Stalker  
  128  11:19  Zealot  
  130  11:30  Photon Cannon, Shield Battery  
  130  11:31  Stalker x3  
  130  11:32  Zealot  
  138  11:39  Zealot x2  
  142  11:45  Zealot x4  
  144  11:50  Zealot x2  
  144  11:52  Zealot  
  120  11:58  Stalker x2  
  120  11:59  Stalker  
  118  12:05  Zealot x3  
  118  12:06  Zealot x2  
  120  12:11  Stalker x2  
  120  12:19  Stalker x2  
  120  12:22  Zealot x3  
  122  12:27  Probe (Chrono Boost)  
  121  12:30  Photon Cannon  
  121  12:37  Probe (Chrono Boost)  
  122  12:41  Zealot x6  
  122  12:42  Probe (Chrono Boost)  
  117  12:48  Stalker x3  
  107  12:51  Zealot x2  
  107  12:53  Probe  
  107  12:56  Stalker  
  102  13:02  Zealot x5  
  111  13:07  Stalker  
  111  13:11  Zealot x3  
  118  13:17  Assimilator  
  114  13:20  Assimilator  
  114  13:22  Sentry  
  114  13:31  Stalker  
  106  13:34  Zealot x3, Stalker  
  106  13:35  Zealot  
  106  13:40  Stalker  
  112  13:51  Stalker x2  
  91  13:57  Zealot x5  
  91  13:58  Zealot x2  
Tags
 
Add a new tag
Caveats
  • Supply blocks, unpowered buildings, or Contaminate may cause inaccurate times.
  • Supply counts are checked every 10 seconds.